 Dungeon Crawl Stone Soup version 0.30-a0-718-geaa24f58ff (webtiles) character file.

Game seed: 1032302935868634900

399 mandoloar the Shield-Bearer (level 6, -3/53 HPs)
             Began as a Gnoll Fighter on Jan 26, 2023.
             Slain by Blork the orc
             ... wielding a +0 dire flail
              (8 damage)
             ... on level 4 of the Dungeon.
             The game lasted 00:11:02 (4540 turns).

mandoloar the Shield-Bearer (Gnoll Fighter)         Turns: 4540, Time: 00:11:03

Health: -3/53      AC: 12    Str: 17    XL:     6   Next: 84%
Magic:  18/18      EV: 10    Int: 11    God:
Gold:   228        SH:  5    Dex: 11    Spells: 9/9 levels left

rFire   . . .      SeeInvis .    a - +1 war axe
rCold   . . .      Faith    .    c - +0 buckler
rNeg    . . .      Spirit   .    i - +0 scale mail
rPois   .          Reflect  .    v - +1 helmet {Int+3}
rElec   .          Harm     .    (no cloak)
rCorr   .          Rampage  .    g - +0 pair of gloves
Will    .....                    q - +0 pair of boots Stlth
                                 (no amulet)
HPRegen 0.28/turn                h - ring of magical power
MPRegen 0.16/turn                (no ring)

@: no status effects
A: fangs 1, strong nose, distributed training
a: no special abilities


You were on level 4 of the Dungeon.
You visited 1 branch of the dungeon, and saw 5 of its levels.

You collected 228 gold pieces.

Inventory:

Hand Weapons
 a - a +1 war axe (weapon)
 b - a +0 sling
Missiles
 e - 35 stones (quivered)
Armour
 c - a +0 buckler (worn)
 g - a +0 pair of gloves (worn)
 i - a +0 scale mail (worn)
 q - a +0 pair of boots (worn)
 v - a +1 helmet of intelligence (worn)
Jewellery
 h - a ring of magical power (left hand)
Wands
 d - a wand of iceblast (4)
 r - a wand of digging (4)
Scrolls
 n - a scroll of torment
Potions
 f - a potion of flight {unknown}
 j - a potion of heal wounds {unknown}
 k - 2 potions of magic {unknown}
 l - a potion of mutation {unknown}
 m - 2 potions of curing {unknown}
 p - a potion of brilliance {unknown}
 t - a potion of attraction {unknown}
 w - a potion of berserk rage {unknown}


   Skills:
 + Level 6.9 Fighting
 + Level 2.2 Short Blades
 + Level 2.2 Long Blades
 + Level 5.1 Axes
 + Level 2.2 Maces & Flails
 + Level 2.2 Polearms
 + Level 2.2 Staves
 + Level 2.2 Ranged Weapons
 + Level 2.2 Throwing
 + Level 6.9 Armour
 + Level 2.2 Dodging
 + Level 2.2 Stealth
 + Level 6.9 Shields
 + Level 2.2 Unarmed Combat
 + Level 2.2 Spellcasting
 + Level 1.8 Conjurations
 + Level 1.8 Hexes
 + Level 1.8 Summonings
 + Level 1.8 Necromancy
 + Level 1.8 Translocations
 + Level 1.8 Transmutations
 + Level 1.8 Fire Magic
 + Level 1.8 Ice Magic
 + Level 1.8 Air Magic
 + Level 1.8 Earth Magic
 + Level 1.8 Poison Magic
 + Level 2.4 Invocations
 + Level 2.2 Evocations


You had 9 spell levels left.
You didn't know any spells.
Your spell library contained the following spells:

 Spells                   Type           Power      Damage    Failure   Level
 Necrotise                Necr           20%        1d5       45%         1
 Vampiric Draining        Necr           5%         2d6       83%         3
 Agony                    Necr           5%         N/A       100%        5


Dungeon Overview and Level Annotations

Branches:
Dungeon (5/15)
 Temple: D:4-7

Altars:
Sif Muna

Shops:
D:1 *   D:3 (

Annotations:
D:4 Blork the orc


Innate Abilities, Weirdness & Mutations

You have very sharp teeth.
Your uncanny sense of smell can sniff out nearby items.
Your experience applies equally to all skills.


Message History

The quokka is heavily wounded.
The quokka barely misses you. x2
You closely miss the quokka.
The quokka is heavily wounded.
The quokka barely misses you.
You barely miss the quokka. Your bite misses the quokka.
The quokka is heavily wounded.
You block the quokka's attack. The quokka completely misses you.
You slash the quokka!
You kill the quokka!
You see here a quokka corpse.
You start waiting.
Blork the orc comes into view.
He is wielding a +0 dire flail.
Blork the orc is nearby!
b - a +0 sling (weapon)
You shoot a sling bullet. The sling bullet hits Blork the orc.
Blork the orc is lightly wounded.
Blork the orc mumbles some strange words.
Blork the orc seems to speed up.
You shoot a sling bullet.
The sling bullet barely misses Blork the orc.
Blork the orc gestures at you while chanting.
The magic dart hits you.
Blork the orc screams, "I'll break your arms!"
a - a +1 war axe (weapon)
Blork the orc hits you with a +0 dire flail!
You barely miss Blork the orc. Your bite misses Blork the orc.
Blork the orc is lightly wounded.
Blork the orc hits you with a +0 dire flail!
Blork the orc hits you but does no damage.
You barely miss Blork the orc.
Blork the orc is lightly wounded.
Blork the orc hits you with a +0 dire flail! x2
* * * LOW HITPOINT WARNING * * *
Blork the orc attacks as you move away! You block Blork the orc's attack.
Blork the orc screams, "Die!"
Blork the orc barely misses you. Blork the orc attacks as you move away!
Blork the orc hits you with a +0 dire flail!
You die...

###################
#.@................
#o#####...........[
#.# #.###########
#.# #.##.. #####.#
#.##.#
#..†..#####.##.#
###.##.......#.#
#.##.......#.#
#.##.......#.##


You could see Blork the orc (fast).

Vanquished Creatures
  Menkaure (D:4)
  A water moccasin (D:4)
  Ijyb (D:3)
  Natasha (twice) (D:4)
  2 adders
  An ufetubus (D:4)
  A dart slug (D:2)
  6 ball pythons
  10 bats
  11 endoplasms
  5 giant cockroaches
  6 goblins
  6 hobgoblins
  7 jackals
  2 quokkas
  3 frilled lizards
  8 kobolds
  8 rats
81 creatures vanquished.

Notes
Turn   | Place    | Note
-------+----------+-------------------------------------------
     0 | D:1      | mandoloar the Gnoll Fighter began the quest for the Orb.
     0 | D:1      | Reached XP level 1. HP: 23/23 MP: 1/1
   103 | D:1      | Found Hili Ihew's Assorted Antiques.
   129 | D:1      | Reached XP level 2. HP: 23/29 MP: 2/2
   576 | D:1      | Reached XP level 3. HP: 35/35 MP: 3/3
   913 | D:2      | Reached skill level 1 in Invocations
  1029 | D:2      | Reached skill level 1 in Short Blades
  1029 | D:2      | Reached skill level 1 in Long Blades
  1029 | D:2      | Reached skill level 1 in Maces & Flails
  1029 | D:2      | Reached skill level 1 in Polearms
  1029 | D:2      | Reached skill level 1 in Staves
  1029 | D:2      | Reached skill level 1 in Ranged Weapons
  1029 | D:2      | Reached skill level 1 in Throwing
  1029 | D:2      | Reached skill level 1 in Dodging
  1029 | D:2      | Reached skill level 1 in Stealth
  1029 | D:2      | Reached skill level 1 in Unarmed Combat
  1029 | D:2      | Reached skill level 1 in Spellcasting
  1029 | D:2      | Reached skill level 1 in Evocations
  1259 | D:2      | Reached XP level 4. HP: 41/41 MP: 5/5
  2103 | D:3      | Noticed Ijyb
  2118 | D:3      | Killed Ijyb
  2119 | D:3      | Reached skill level 1 in Conjurations
  2119 | D:3      | Reached skill level 1 in Hexes
  2119 | D:3      | Reached skill level 1 in Summonings
  2119 | D:3      | Reached skill level 1 in Necromancy
  2119 | D:3      | Reached skill level 1 in Translocations
  2119 | D:3      | Reached skill level 1 in Transmutations
  2119 | D:3      | Reached skill level 1 in Fire Magic
  2119 | D:3      | Reached skill level 1 in Ice Magic
  2119 | D:3      | Reached skill level 1 in Air Magic
  2119 | D:3      | Reached skill level 1 in Earth Magic
  2119 | D:3      | Reached skill level 1 in Poison Magic
  2585 | D:3      | Found Neleocw's Weapon Boutique.
  2879 | D:4      | Noticed an ogre
  2930 | D:4      | Noticed Natasha
  2948 | D:4      | Killed Natasha
  2949 | D:4      | Reached XP level 5. HP: 41/47 MP: 7/7
  3300 | D:4      | Noticed a water moccasin
  3313 | D:4      | Killed a water moccasin
  3314 | D:4      | Reached XP level 6. HP: 42/53 MP: 8/8
  3524 | D:4      | Reached skill level 5 in Axes
  3739 | D:5      | Entered Level 5 of the Dungeon
  3847 | D:4      | Noticed Natasha
  3854 | D:4      | Killed Natasha
  3910 | D:4      | Found a shimmering blue altar of Sif Muna.
  3911 | D:4      | Noticed Menkaure
  3929 | D:4      | Killed Menkaure
  4526 | D:4      | Noticed Blork the orc
  4540 | D:4      | Slain by Blork the orc

Illustrated notes

Levels and vault maps discovered:
D:1:      wander_arrival_lonely_grave, layout_loops_ring, serial_shops, shop,
          minmay_quantized
D:2:      layout_loops_ring, kennysheep_flooded_box, grunt_ministairs_6
D:3:      layout_basic, serial_shops, nicolae_shop_hallway_plus, uniq_ijyb
D:4:      layout_basic, nicolae_overflow_crystal_walls, serial_curves,
          eino_curves_03, eino_curves_03, uniq_menkaure, uniq_blork_the_orc,
          uniq_natasha
D:5:      layout_loops_corners, minmay_temple_entry_ruins, minmay_quadrilaterals

Skill      XL: |  1  2  3  4  5  6 |
---------------+-------------------+-----
Invocations    | 1 2 |  2.4
Short Blades   | 1 2 |  2.2
Long Blades    | 1 2 |  2.2
Maces & Flails | 1 2 |  2.2
Polearms       | 1 2 |  2.2
Staves         | 1 2 |  2.2
Ranged Weapons | 1 2 |  2.2
Throwing       | 1 2 |  2.2
Dodging        | 1 2 |  2.2
Stealth        | 1 2 |  2.2
Unarmed Combat | 1 2 |  2.2
Spellcasting   | 1 2 |  2.2
Evocations     | 1 2 |  2.2
Conjurations   | 1 |  1.8
Hexes          | 1 |  1.8
Summonings     | 1 |  1.8
Necromancy     | 1 |  1.8
Translocations | 1 |  1.8
Transmutations | 1 |  1.8
Fire Magic     | 1 |  1.8
Ice Magic      | 1 |  1.8
Air Magic      | 1 |  1.8
Earth Magic    | 1 |  1.8
Poison Magic   | 1 |  1.8
Axes           | 5 |  5.1
Fighting       | |  6.9
Armour         | |  6.9
Shields        | |  6.9

Action                     |  1- 3 |  4- 6 || total
---------------------------+-------+-------++-------
  Melee: War axe           |   110 |   108 ||   218
         Bite              |     7 |     6 ||    13
   Fire: Sling             |    10 |    44 ||    54
  Throw: Stone             |     3 |    23 ||    26
    Use: Scroll            |     2 |     4 ||     6
         Potion            |       |     1 ||     1
 Armour: Scale mail        |    60 |    55 ||   115
  Dodge: Dodged            |    54 |    75 ||   129
  Block: Buckler           |    38 |    39 ||    77

Table legend: (Time is in decaauts)
 A = Elapsed time spent in this place.
 B = Non-inter-level travel time spent in this place.
 C = Inter-level travel time spent in this place.
 D = Time resting spent in this place.
 E = Time spent auto-exploring this place.
 F = Levels seen in this place.
 G = Mean time per level.
                   A        B        C        D        E       F      G
               +--------+--------+--------+--------+--------+-----+--------+
         Total |   4610 |   4345 |    265 |    921 |   2608 |   5 |  922.0 |
       Dungeon |   4610 |   4345 |    265 |    921 |   2608 |   5 |  922.0 |
               +--------+--------+--------+--------+--------+-----+--------+

Top non-repeatable levels by time:
     D:4: 1419 daAuts
     D:3: 1193 daAuts
     D:2: 1068 daAuts
     D:1: 926 daAuts
     D:5: 1 daAuts
